 Dungeon Crawl Stone Soup version 0.30-a0-989-g0d87f670db (webtiles) character file.

Game seed: 4435493183491525642

12118 heikuro the Cleaver (level 12, -10/95 HPs)
             Began as a Formicid Fighter on Apr 2, 2023.
             Was a High Priest of Okawaru.
             Mangled by a large slime creature (30 damage)
             ... on level 12 of the Dungeon on Apr 3, 2023.
             The game lasted 00:24:29 (11088 turns).

heikuro the Cleaver (Formicid Fighter)             Turns: 11088, Time: 00:24:29

Health: -10/95     AC: 16    Str: 26    XL:     12   Next: 16%
Magic:  12/18      EV: 12    Int:  8    God:    Okawaru [*****.]
Gold:   897        SH:  8    Dex: 15    Spells: 11/11 levels left

rFire   . . .      SeeInvis +    G - +3 hand axe (elec)
rCold   . . .      Faith    .    c - +0 buckler
rNeg    . . .      Spirit   .    w - +2 scale mail of the Arcane {Dex+2}
rPois   .          Reflect  .    (helmet unavailable)
rElec   .          Rampage  .    S - +0 cloak
rCorr   .                        i - +0 pair of gloves
Will    ++...                    O - +0 pair of boots
Stlth   ++                       X - amulet of regeneration
HPRegen 1.15/turn                y - ring of flight
MPRegen 0.16/turn                J - ring of willpower

@: heroic, finesse-ful, flying
A: permanent stasis, dig shafts and tunnels, antennae 3, four strong arms
a: Dig, Shaft Self, Renounce Religion, Heroism, Finesse, Duel


You were on level 12 of the Dungeon.
You worshipped Okawaru.
Okawaru was extremely pleased with you.
You visited 2 branches of the dungeon, and saw 13 of its levels.
You also visited: Ossuary.

You collected 897 gold pieces.

Inventory:

Hand Weapons
 m - a +1 sling of freezing
 G - a +3 hand axe of electrocution (weapon)
Missiles
 N - 50 poisoned darts
 Q - 8 throwing nets
Armour
 c - a +0 buckler (worn)
 i - a +0 pair of gloves (worn)
 w - the +2 scale mail of the Arcane (worn) {Dex+2}
   (You found it on level 3 of the Dungeon)

   Dex:       It affects your dexterity (+2).
 L - the +2 pair of boots of Forking Paths {*Corrode rElec Will+++ Dex-5}
   (You found it on level 7 of the Dungeon)

   Dex:       It affects your dexterity (-5).
   rElec:     It insulates you from electricity.
   *Corrode:  It may corrode you when you take damage.
   Will:      It greatly increases your willpower.
 O - a +0 pair of boots (worn)
 S - a +0 cloak (worn)
 T - a +0 chain mail of poison resistance
Magical Staves
 p - the staff of air "Saakhas" {rElec rF+ rN+ Stlth+}
   (You found it on level 2 of the Dungeon)

   [staff of air]

   Base accuracy: +5 Base damage: 5 Base attack delay: 1.2 This weapon's minimum
   attack delay (0.6) is reached at skill level 12.
   rF:        It protects you from fire.
   rElec:     It insulates you from electricity.
   rN:        It protects you from negative energy.
   Stlth:     It makes you more stealthy.
   It falls into the 'Staves' category.
   It is a weapon for one hand-pair.
Jewellery
 a - an amulet of reflection
 d - a ring of resist corrosion
 q - a ring of fire
 y - a ring of flight (left hand)
 J - a ring of willpower (right hand)
 R - a ring of willpower
 X - an amulet of regeneration (around neck)
Wands
 A - a wand of flame (49)
 B - a wand of mindburst (28)
 P - a wand of roots (5)
 U - a wand of polymorph (5)
 Y - a wand of acid (6)
Scrolls
 g - 2 scrolls of enchant weapon
 j - 8 scrolls of fear
 n - 3 scrolls of magic mapping
 o - 2 scrolls of vulnerability
 r - 3 scrolls of brand weapon
 s - a scroll of poison {unknown}
 u - 3 scrolls of teleportation {unknown}
 v - 7 scrolls of identify
 x - 2 scrolls of fog {unknown}
 z - 2 scrolls of immolation {unknown}
 E - a scroll of amnesia {unknown}
 F - 2 scrolls of enchant armour {unknown}
 H - 3 scrolls of noise {unknown}
 I - a scroll of summoning {unknown}
Potions
 b - 2 potions of lignification
 e - 14 potions of curing
 f - 2 potions of invisibility
 h - 3 potions of attraction
 k - a potion of brilliance
 l - 5 potions of ambrosia
 t - 2 potions of resistance
 C - 2 potions of cancellation
 D - 2 potions of mutation
 K - 2 potions of heal wounds
 M - a potion of flight
 V - a potion of magic
 W - a potion of might


   Skills:
 + Level 9.1(14.1) Fighting
 * Level 11.1(16.1) Axes
 + Level 9.0(14.0) Armour
 + Level 10.7(15.7) Shields
 + Level 8.9 Invocations


You had 11 spell levels left.
You didn't know any spells.
Your spell library contained the following spells:

 Spells                   Type           Power      Damage    Failure   Level
 Beastly Appendage        Tmut           0%         N/A       65%         1
 Wereblood                Tmut           0%         N/A       80%         2
 Dazzling Flash           Conj/Hex       0%         N/A       95%         3
 Frozen Ramparts          Ice            0%         1d1       95%         3
 Spider Form              Tmut/Pois      0%         N/A       95%         3
 Ice Form                 Ice/Tmut       0%         N/A       100%        4
 Iskenderun's Mystic Bla  Conj/Tloc      0%         2d3       100%        4
 Passage of Golubria      Tloc           0%         N/A       100%        4
 Silence                  Hex/Air        0%         N/A       100%        5
 Starburst                Conj/Fire      0%         6d3       100%        6
 Storm Form               Tmut/Air       0%         N/A       100%        7
 Lehudib's Crystal Spear  Conj/Erth      0%         10d2      100%        8
 Maxwell's Capacitive Co  Air            0%         ∞         100%        8
 Summon Ice Beast         Ice/Summ       Unusable   N/A       N/A         4
 Summon Lightning Spire   Summ/Air       Unusable   N/A       N/A         4

Dungeon Overview and Level Annotations

Branches:
Dungeon (12/15)            Temple (1/1) D:7            Lair (0/5) D:10
    Orc (0/2) D:9         Ossuary (visited)

Altars:
Ashenzari
Cheibriados
Dithmenos
Elyvilon
Fedhas
Gozag
Hepliaklqana
Kikubaaqudgha
Makhleb
Nemelex Xobeh
Okawaru
Qazlal
Ru
Sif Muna
Trog
Uskayaw
Vehumet
Wu Jian
Xom
Yredelemnul
Zin
The Shining One

Shops:
D:4 !

Annotations:
D:5 2 transporters, ShinQuickMan's ghost, novice DsCj


Innate Abilities, Weirdness & Mutations

You cannot be hasted, slowed, berserked, paralysed or teleported.
You can dig through walls and to a lower floor.
You have a pair of large antennae on your head. (SInv)
Your four strong arms can wield two-handed weapons with a shield.


Message History

You hit the slime creature. You hit the very large slime creature.
Unknown command.
You hit the slime creature.
Lightning courses through the slime creature!
You kill the slime creature!
Okawaru accepts your kill.
You hit the very large slime creature. You hit the slime creature.
You slash the very large slime creature!
The very large slime creature is moderately wounded.
You slash the slime creature!
You kill the slime creature!
Okawaru accepts your kill.
You can now enter into single combat with a foe.
Okawaru will now gift you equipment as you gain piety.
The very large slime creature hits you!!!
Ouch! That really hurt!
* * * LOW HITPOINT WARNING * * *
You slash the very large slime creature!
The very large slime creature is moderately wounded.
Unknown command.
You barely miss the very large slime creature.
The very large slime creature is moderately wounded.
Unknown command.
You slash the very large slime creature!
Lightning courses through the very large slime creature!
The very large slime creature is heavily wounded.
A very large slime creature splits.
You slash the large slime creature!
The large slime creature is heavily wounded.
You hit the slime creature. You hit the slime creature.
Lightning courses through the slime creature!!
The slime creature is almost dead.
You hit the large slime creature.
Lightning courses through the large slime creature!
Unknown command.
You hit the slime creature but do no damage.
The slime creature is almost dead.
You hit the large slime creature. The large slime creature hits you!!
You die...

......... ..(.#
............
#...###............
##...?.[............
#.............#.#...
#.............#..#..
##...........#.##...
#.:......## #.....
##.J@......# #.....
#..#J.......# #.....
#...........## #.....
....[........#####.....
.............##..#...#.#
.........#.......#.#..##
........#......†..#...#
.......###.#..........#
...# ###...........#


You could see a large slime creature and a slime creature.

Vanquished Creatures
  2 boulder beetles
  Pikel (D:6)
  Maurice (D:11)
  An unseen horror (D:11)
  A komodo dragon (D:10)
  A kobold demonologist (D:11)
  3 trolls
  A hornet (D:8)
  Grinder (D:3)
  3 slime creatures (D:12)
  2 wraiths
  2 shadows
  3 wyverns
  A vampire (D:11)
  17 yaks
  A steam dragon (D:7)
  2 vampire mosquitoes (D:12)
  An acid dragon (D:11)
  2 water moccasins
  An ice beast (D:8)
  An ogre (D:8)
  A black bear (D:4)
  2 centaurs
  2 phantoms (D:9)
  2 bullfrogs
  5 kobold brigands
  3 gnoll sergeants
  3 scorpions
  7 wights
  4 troll zombies (D:9)
  4 howler monkeys (D:10)
  A hound (D:5)
  8 orc priests
  2 jellies
  2 sleepcaps
  A gnoll bouda (D:7)
  Terence (D:3)
  2 iguanas (D:6)
  13 orc wizards
  2 ogre zombies (D:9)
  8 mummies (Ossuary)
  17 gnolls
  9 adders
  A shadow imp (D:7)
  3 white imps
  An ufetubus (D:5)
  A worm zombie (D:7)
  3 worms (D:2)
  2 dart slugs (D:1)
  34 orcs
  A bat zombie (D:10)
  10 endoplasms
  7 giant cockroaches
  7 goblins
  8 hobgoblins
  30 kobolds
  7 quokkas
  8 ball pythons
  6 bats
  A frilled lizard (D:3)
  2 gnoll zombies
  2 goblin zombies (D:9)
  2 hobgoblin skeletons (D:9)
  5 hobgoblin zombies
  3 kobold zombies (Ossuary)
  3 orc skeletons (D:9)
  11 orc zombies
  2 rats (D:1)
  A rat zombie (D:10)
308 creatures vanquished.

Vanquished Creatures (others)
  20 plants (D:10)
20 creatures vanquished.

Grand Total: 328 creatures vanquished

Notes
Turn   | Place    | Note
-------+----------+-------------------------------------------
     0 | D:1      | heikuro the Formicid Fighter began the quest for the Orb.
     0 | D:1      | Reached XP level 1. HP: 18/18 MP: 1/1
    41 | D:1      | Reached XP level 2. HP: 16/24 MP: 2/2
   488 | D:1      | Reached XP level 3. HP: 29/29 MP: 3/3
   878 | D:2      | Identified the staff of air "Saakhas" {rElec rF+ rN+
                  | Stlth+}
   994 | D:2      | Found an iron altar of Okawaru.
  1011 | D:2      | Became a worshipper of Warmaster Okawaru
  1082 | D:2      | Reached XP level 4. HP: 18/37 MP: 4/4
  1354 | D:2      | Reached skill level 3 in Axes
  1625 | D:3      | Reached XP level 5. HP: 41/42 MP: 5/5
  1687 | D:3      | Identified the +2 scale mail of the Arcane {Dex+2}
  1727 | D:3      | Reached skill level 1 in Invocations
  1983 | D:3      | Noticed Grinder
  2001 | D:3      | Killed Grinder
  2001 | D:3      | Reached * piety under Okawaru
  2002 | D:3      | Reached skill level 4 in Axes
  2002 | D:3      | Reached skill level 5 in Shields
  2002 | D:3      | Reached XP level 6. HP: 19/49 MP: 5/7
  2196 | D:3      | Reached XP level 7. HP: 43/55 MP: 8/8
  2429 | D:3      | Found a radiant altar of Vehumet.
  2431 | D:3      | Found a basalt altar of Yredelemnul.
  2539 | D:3      | Noticed Terence
  2549 | D:3      | Killed Terence
  2861 | D:4      | Found Movvau's Distillery.
  2968 | D:4      | Reached skill level 5 in Axes
  3086 | D:4      | Reached ** piety under Okawaru
  3088 | D:4      | Found a burning altar of Makhleb.
  3392 | D:5      | Entered Level 5 of the Dungeon
  3572 | D:4      | Reached XP level 8. HP: 31/61 MP: 10/10
  3692 | D:5      | Reached skill level 5 in Armour
  3751 | D:5      | Reached skill level 5 in Fighting
  4068 | D:5      | Noticed ShinQuickMan's ghost (novice DsCj)
  4070 | D:5      | Found a transporter.
  4148 | D:5      | Found a transporter.
  4502 | D:6      | Noticed Pikel
  4526 | D:6      | Killed Pikel
  4526 | D:6      | Reached *** piety under Okawaru
  4527 | D:6      | Reached skill level 6 in Axes
  4527 | D:6      | Reached XP level 9. HP: 59/69 MP: 10/12
  4745 | D:6      | Found a white marble altar of Elyvilon.
  5338 | D:7      | Found a staircase to the Ecumenical Temple.
  5383 | D:7      | Reached skill level 5 in Invocations
  5503 | D:7      | Reached skill level 7 in Axes
  5602 | D:7      | Found a sand-covered staircase.
  5619 | Ossuary  | Entered an ossuary
  5873 | D:7      | Found a stormy altar of Qazlal.
  5875 | D:7      | Found a sacrificial altar of Ru.
  5956 | D:7      | Identified the +2 pair of boots of Forking Paths {*Corrode
                  | rElec Will+++ Dex-5}
  6492 | Temple   | Entered the Ecumenical Temple
  6990 | D:8      | Reached XP level 10. HP: 77/77 MP: 14/14
  7065 | D:8      | Reached skill level 8 in Axes
  8214 | D:9      | Received a gift from Okawaru
  8258 | D:9      | Found a staircase to the Orcish Mines.
  8463 | D:9      | Reached skill level 9 in Axes
  8514 | D:9      | Reached **** piety under Okawaru
  8893 | D:10     | Entered Level 10 of the Dungeon
  8933 | D:10     | Reached XP level 11. HP: 63/86 MP: 13/16
  9368 | D:10     | Reached skill level 10 in Axes
  9518 | D:10     | Found a staircase to the Lair.
  9526 | D:10     | Reached ***** piety under Okawaru
  9527 | D:10     | Reached skill level 10 in Shields
  9765 | D:10     | Found an ancient bone altar of Kikubaaqudgha.
 10053 | D:11     | Noticed Maurice
 10083 | D:11     | Killed Maurice
 10083 | D:11     | Received a gift from Okawaru
 10498 | D:11     | Noticed a boulder beetle
 10516 | D:11     | Killed a boulder beetle
 10939 | D:12     | Noticed a purple ugly thing
 11002 | D:12     | Noticed a boulder beetle
 11010 | D:12     | Reached XP level 12. HP: 86/94 MP: 15/18
 11026 | D:12     | Killed a boulder beetle
 11027 | D:12     | Reached skill level 11 in Axes
 11088 | D:12     | Mangled by a large slime creature

Illustrated notes

Levels and vault maps discovered:
D:1:      amcnicky_arrival_double_pillar, layout_basic
D:2:      layout_basic, basic_altar
D:3:      layout_loops_corners, mainiacjoe_overflow_divided_tiny, uniq_terence,
          uniq_grinder
D:4:      layout_rooms, lemuel_tele_altar, serial_shops, shop
D:5:      layout_cave_pools, serial_column_ruins, column_ruins_open_medium,
          column_ruins_grid_1, column_ruins_columns_straight,
          column_ruins_columns_water, column_ruins_open_small,
          column_ruins_grid_1, gammafunk_ghost_arena, st_stairs_1
D:6:      layout_loops_ring, elyvilon_altar_4, chequers_serial_rivers_large_b,
          uniq_pikel
D:7:      layout_loops_corners, chequers_temple_overflow_statue_of_worship,
          minmay_temple_entry_statues_pillars, enter_ossuary_3
D:8:      layout_loops_ring, nicolae_two_hexagons, grunt_ogre_cave
D:9:      layout_cave_pools, zombieorc1_lemuel
D:10:     layout_roguey, lemuel_zombie_altar_kikubaaqudgha, david_lair_shrubbed,
          minmay_misc_feat_rugged, st_stairs_2
D:11:     layout_stronghold, uniq_maurice
D:12:     layout_big_octagon, gammafunk_ghost_abyssal_escape,
          hangedman_cracks_in_the_wall, uniq_kirke
Temple:   eino_wide_crystal_templ

Skill      XL: |  1  2  3  4  5  6  7  8  9 10 11 12 |
---------------+-------------------------------------+-----
Axes           | 3 4 5 6 7 9 10 11 | 11.1
Invocations    | 2 3 4 6 7 8 |  8.9
Fighting       | 4 5 6 7 8 9 |  9.1
Armour         | 4 5 6 7 8 9 |  9.0
Shields        | 5 6 8 9 10 | 10.7

Action                     |  1- 3 |  4- 6 |  7- 9 | 10-12 || total
---------------------------+-------+-------+-------+-------++-------
  Melee: War axe           |    92 |    74 |   132 |       ||   298
         Hand axe          |       |       |   228 |   452 ||   680
 Invoke: Heroism           |       |       |     7 |    13 ||    20
         Finesse           |       |       |       |     1 ||     1
    Use: Scroll            |     4 |     2 |    11 |     3 ||    20
         Potion            |       |     1 |     1 |       ||     2
 Armour: Scale mail        |    54 |    36 |   149 |   128 ||   367
  Dodge: Dodged            |    40 |    43 |   143 |    97 ||   323
  Block: Buckler           |    26 |    18 |    99 |   185 ||   328
         Reflection        |       |       |       |     2 ||     2

Table legend: (Time is in decaauts)
 A = Elapsed time spent in this place.
 B = Non-inter-level travel time spent in this place.
 C = Inter-level travel time spent in this place.
 D = Time resting spent in this place.
 E = Time spent auto-exploring this place.
 F = Levels seen in this place.
 G = Mean time per level.
                   A        B        C        D        E       F      G
               +--------+--------+--------+--------+--------+-----+--------+
         Total |  11036 |  10494 |    542 |   1699 |   5453 |  14 |  788.3 |
       Dungeon |  10792 |  10258 |    534 |   1699 |   5423 |  12 |  899.3 |
        Temple |     51 |     43 |      8 |      0 |     30 |   1 |   51.0 |
       Ossuary |    192 |    192 |      0 |      0 |      0 |   1 |  192.0 |
               +--------+--------+--------+--------+--------+-----+--------+

Top non-repeatable levels by time:
     D:7: 1247 daAuts
     D:3: 1189 daAuts
     D:8: 1145 daAuts
    D:10: 1071 daAuts
     D:2: 897 daAuts
     D:5: 894 daAuts
    D:11: 893 daAuts
     D:9: 871 daAuts
     D:4: 836 daAuts
     D:6: 820 daAuts
     D:1: 787 daAuts
 Ossuary: 192 daAuts
    D:12: 138 daAuts
  Temple: 51 daAuts
